IL
DURHAM BULLS @ SCRANTON WB RAILRIDERS
06/11/2048
 
TOP OF THE 1ST
Durham Bulls batting - Pitching for Scranton WB RailRiders : LHP Jay Turpin
Pitching: LHP Jay Turpin
Batting: RHB Danny Diaz 0-0: Foul Ball, location: 2F
0-1: Ball
1-1: Foul Ball, location: 2F
1-2: Ball
2-2: SINGLE (Groundball, 4D, EV 105.6 MPH)
Batting: SHB Joey Pacheco 0-0: Ball
Danny Diaz is caught stealing 2nd base 2-4
1-0: Ground out 5-3 (Groundball, 56, EV 102.5 MPH)
Batting: RHB David Ward 0-0: Swinging Strike
0-1: Fly out, F8 (Flyball, 8LM, EV 91.2 MPH)
Top of the 1st over - 0 runs, 1 hit, 0 errors, 0 left on base; Durham 0 - Scranton WB 0
BOTTOM OF THE 1ST
Scranton WB RailRiders batting - Pitching for Durham Bulls : RHP Dave Navarro
Pitching: RHP Dave Navarro
Batting: RHB Devon Utley 0-0: Ball
1-0: Called Strike
1-1: Foul Ball, location: 2F
1-2: SINGLE (Groundball, 6MD, EV 99.4 MPH)
Batting: LHB Aaron Joyner 0-0: Ball
Devon Utley steals 2nd base
1-0: Ball
2-0: Ball
3-0: Base on Balls
Batting: SHB Mukhtar Wa'il 0-0: Foul Ball, location: 2F
0-1: Ball
1-1: Ball
2-1: Foul Ball, location: 2F
2-2: Foul Ball, location: 2F
2-2: Ball
3-2: Foul Ball, location: 2F
3-2: Foul Ball, location: 2F
3-2: Grounds into double play, U6-3 (Groundball, 4MD, EV 83.1 MPH)
Devon Utley to third
Batting: LHB Paul Diaz 0-0: Ground out 3-1 (Groundball, 34S, EV 85.0 MPH)
Bottom of the 1st over - 0 runs, 1 hit, 0 errors, 1 left on base; Durham 0 - Scranton WB 0
TOP OF THE 2ND
Durham Bulls batting - Pitching for Scranton WB RailRiders : LHP Jay Turpin
Batting: RHB Jonathan Fraire 0-0: Ball
1-0: Ball
2-0: Swinging Strike
2-1: Swinging Strike
2-2: Ground out 4-3 (Groundball, 4, EV 100.6 MPH)
Batting: RHB Kevin Benfield 0-0: SINGLE (Groundball, 56D, EV 106.2 MPH)
Batting: RHB Antonio Pacheco 0-0: Foul Ball, location: 2F
0-1: Ball
1-1: Ball
2-1: Foul Ball, location: 2F
2-2: Fielders Choice at 2nd, 6-4 (Groundball, 6, EV 78.1 MPH)
Batting: RHB Jose Arriola 0-0: Ball
1-0: Swinging Strike
1-1: Ball
2-1: Ball
3-1: Base on Balls
Antonio Pacheco to second
Batting: RHB Freddy Mullen 0-0: Called Strike
0-1: Called Strike
0-2: Ball
1-2: Strikes out swinging
Top of the 2nd over - 0 runs, 1 hit, 0 errors, 2 left on base; Durham 0 - Scranton WB 0
BOTTOM OF THE 2ND
Scranton WB RailRiders batting - Pitching for Durham Bulls : RHP Dave Navarro
Batting: RHB Alfredo Rodriguez 0-0: Called Strike
0-1: Ball
1-1: Called Strike
1-2: Ball
2-2: Strikes out swinging, 2-3 out at first.
Batting: LHB Jose Lebron 0-0: Ball
1-0: Swinging Strike
1-1: Fly out, F8 (Flyball, 8LM, EV 96.2 MPH)
Batting: SHB Joe Fure 0-0: Called Strike
0-1: DOUBLE (Groundball, 3L, EV 100.6 MPH)
Batting: RHB Josh Zoglmann 0-0: Called Strike
0-1: Foul Ball, location: 2F
0-2: Ball
1-2: Ball
2-2: SINGLE (Line Drive, 9S, EV 110.0 MPH)
Joe Fure to third
Batting: RHB Mike Plugge 0-0: Called Strike
0-1: Ball
1-1: Swinging Strike
1-2: Foul Ball, location: 2F
1-2: Ball
2-2: Strikes out swinging
Bottom of the 2nd over - 0 runs, 2 hits, 0 errors, 2 left on base; Durham 0 - Scranton WB 0
TOP OF THE 3RD
Durham Bulls batting - Pitching for Scranton WB RailRiders : LHP Jay Turpin
Batting: RHB Dan Marks 0-0: Called Strike
0-1: Ball
1-1: Swinging Strike
1-2: Fly out, F9 (Line Drive, 89S, EV 101.2 MPH)
Batting: RHB Danny Diaz 0-0: SINGLE (Groundball, 6MS, EV 70.6 MPH) (infield hit)
Batting: SHB Joey Pacheco 0-0: Ball
Danny Diaz is caught stealing 2nd base 2-4
1-0: Called Strike
1-1: Ball
2-1: Ball
3-1: Called Strike
3-2: Base on Balls
Batting: RHB David Ward 0-0: Called Strike
0-1: Ground out 5-3 (Groundball, 5L, EV 81.2 MPH)
Top of the 3rd over - 0 runs, 1 hit, 0 errors, 1 left on base; Durham 0 - Scranton WB 0
BOTTOM OF THE 3RD
Scranton WB RailRiders batting - Pitching for Durham Bulls : RHP Dave Navarro
Batting: RHB Devon Utley 0-0: Swinging Strike
0-1: Ground out 5-3 (Groundball, 56S, EV 71.2 MPH)
Batting: LHB Aaron Joyner 0-0: Called Strike
0-1: Ball
1-1: Ball
2-1: Foul Ball, location: 2F
2-2: Strikes out swinging
Batting: SHB Mukhtar Wa'il 0-0: Fly out, F7 (Line Drive, 78M, EV 95.0 MPH)
Bottom of the 3rd over - 0 runs, 0 hits, 0 errors, 0 left on base; Durham 0 - Scranton WB 0
TOP OF THE 4TH
Durham Bulls batting - Pitching for Scranton WB RailRiders : LHP Jay Turpin
Batting: RHB Jonathan Fraire 0-0: Swinging Strike
0-1: Ball
1-1: Swinging Strike
1-2: Strikes out swinging
Batting: RHB Kevin Benfield 0-0: Ball
1-0: Ball
2-0: SINGLE (Groundball, P, EV 90.6 MPH) (infield hit)
Batting: RHB Antonio Pacheco 0-0: Swinging Strike
0-1: Foul Ball, location: 2F
0-2: Ball
1-2: Strikes out looking
Batting: RHB Jose Arriola 0-0: Ground out 5-3 (Groundball, 5S, EV 80.0 MPH)
Top of the 4th over - 0 runs, 1 hit, 0 errors, 1 left on base; Durham 0 - Scranton WB 0
BOTTOM OF THE 4TH
Scranton WB RailRiders batting - Pitching for Durham Bulls : RHP Dave Navarro
Batting: LHB Paul Diaz 0-0: Ball
1-0: Ball
2-0: Called Strike
2-1: Ground out 4-3 (Groundball, 34, EV 80.0 MPH)
Batting: RHB Alfredo Rodriguez 0-0: Ball
1-0: Fly out, F6 (Line Drive, 6, EV 73.8 MPH)
Batting: LHB Jose Lebron 0-0: Ball
1-0: Swinging Strike
1-1: Swinging Strike
1-2: Foul Ball, location: 2F
1-2: Strikes out looking
Bottom of the 4th over - 0 runs, 0 hits, 0 errors, 0 left on base; Durham 0 - Scranton WB 0
TOP OF THE 5TH
Durham Bulls batting - Pitching for Scranton WB RailRiders : LHP Jay Turpin
Batting: RHB Freddy Mullen 0-0: Ball
1-0: Ball
2-0: Foul Ball, location: 2F
2-1: Ground out 4-3 (Groundball, 4, EV 91.2 MPH)
Batting: RHB Dan Marks 0-0: Ball
1-0: Ball
2-0: Ball
3-0: Called Strike
3-1: Called Strike
3-2: Strikes out swinging
Batting: RHB Danny Diaz 0-0: Ball
1-0: Swinging Strike
1-1: Ball
2-1: Called Strike
2-2: Ground out 4-3 (Groundball, 4, EV 83.1 MPH)
Top of the 5th over - 0 runs, 0 hits, 0 errors, 0 left on base; Durham 0 - Scranton WB 0
BOTTOM OF THE 5TH
Scranton WB RailRiders batting - Pitching for Durham Bulls : RHP Dave Navarro
Batting: SHB Joe Fure 0-0: Ball
1-0: Ball
2-0: Called Strike
2-1: Bunted foul
2-2: Foul Ball, location: 2F
2-2: Fly out, F8 (Flyball, 8LD, EV 91.9 MPH)
Batting: RHB Josh Zoglmann 0-0: Ball
1-0: Foul Ball, location: 2F
1-1: Foul Ball, location: 2F
1-2: Foul Ball, location: 2F
1-2: Fly out, F4 (Popup, 4M, EV 66.2 MPH)
Batting: RHB Mike Plugge 0-0: Ball
1-0: Foul Ball, location: 2F
1-1: Ball
2-1: Ground out 3-1 (Groundball, 34, EV 101.9 MPH)
Bottom of the 5th over - 0 runs, 0 hits, 0 errors, 0 left on base; Durham 0 - Scranton WB 0
TOP OF THE 6TH
Durham Bulls batting - Pitching for Scranton WB RailRiders : LHP Jay Turpin
Batting: SHB Joey Pacheco 0-0: Called Strike
0-1: Ball
1-1: Ball
2-1: Foul Ball, location: 2F
2-2: DOUBLE (Flyball, 78D, EV 98.8 MPH)
Batting: RHB David Ward 0-0: Called Strike
0-1: 2-RUN HOME RUN (Flyball, 7D, EV 98.8 MPH), Distance : 361 ft
Batting: RHB Jonathan Fraire 0-0: Ball
1-0: Ball
2-0: Foul Ball, location: 2F
2-1: SINGLE (Groundball, 6, EV 98.1 MPH)
Batting: RHB Kevin Benfield 0-0: Swinging Strike
0-1: Fly out, F7 (Flyball, 78XD, EV 91.9 MPH)
Batting: RHB Antonio Pacheco 0-0: Ball
1-0: Grounds into double play, 4-6-3 (Groundball, 4, EV 84.4 MPH)
Top of the 6th over - 2 runs, 3 hits, 0 errors, 0 left on base; Durham 2 - Scranton WB 0
BOTTOM OF THE 6TH
Scranton WB RailRiders batting - Pitching for Durham Bulls : RHP Dave Navarro
Batting: RHB Devon Utley 0-0: Ground out 6-3 (Groundball, 6, EV 88.8 MPH)
Batting: LHB Aaron Joyner 0-0: Ground out 5-3 (Groundball, 5S, EV 84.4 MPH)
Batting: SHB Mukhtar Wa'il 0-0: Called Strike
0-1: Ball
1-1: Swinging Strike
1-2: Ball
2-2: Ground out 4-3 (Groundball, 34D, EV 98.8 MPH)
Bottom of the 6th over - 0 runs, 0 hits, 0 errors, 0 left on base; Durham 2 - Scranton WB 0
TOP OF THE 7TH
Durham Bulls batting - Pitching for Scranton WB RailRiders : LHP Jay Turpin
Pitching: LHP Ramon Escobedo
Batting: RHB Jose Arriola 0-0: Ball
1-0: Swinging Strike
1-1: Ball
2-1: Swinging Strike
2-2: Reached via error on a dropped throw from 1B, E1 (Groundball, 34S, EV 82.5 MPH)
Batting: RHB Freddy Mullen 0-0: Bunt missed!
0-1: Called Strike
Jose Arriola is caught stealing 2nd base 2-4
0-2: Ball
1-2: Foul Ball, location: 2F
1-2: Strikes out swinging
Batting: RHB Dan Marks 0-0: Ground out 5-3 (Groundball, 56, EV 90.6 MPH)
Top of the 7th over - 0 runs, 0 hits, 1 error, 0 left on base; Durham 2 - Scranton WB 0
BOTTOM OF THE 7TH
Scranton WB RailRiders batting - Pitching for Durham Bulls : RHP Dave Navarro
Batting: LHB Paul Diaz 0-0: Ball
1-0: Called Strike
1-1: Ball
2-1: Foul Ball, location: 2F
2-2: Ball
3-2: Base on Balls
Batting: RHB Alfredo Rodriguez 0-0: Ball
1-0: Foul Ball, location: 2F
1-1: Ball
2-1: Ball
3-1: Foul Ball, location: 2F
3-2: Base on Balls
Paul Diaz to second
Batting: LHB Jose Lebron 0-0: Swinging Strike
0-1: Called Strike
0-2: Strikes out swinging
Batting: SHB Joe Fure 0-0: Ball
1-0: Foul Ball, location: 2F
1-1: Fly out, F7 (Flyball, 78M, EV 87.5 MPH)
Pinch Hitting: SHB Ryan Buchbinder 0-0: 3-RUN HOME RUN (Line Drive, 9D, EV 94.4 MPH), Distance : 371 ft
Batting: RHB Mike Plugge 0-0: Fly out, F7 (Flyball, 78M, EV 91.9 MPH)
Bottom of the 7th over - 3 runs, 1 hit, 0 errors, 0 left on base; Durham 2 - Scranton WB 3
TOP OF THE 8TH
Durham Bulls batting - Pitching for Scranton WB RailRiders : LHP Ramon Escobedo
Now at SS: Jordan Barragan
Batting: RHB Danny Diaz 0-0: Called Strike
0-1: Foul Ball, location: 2F
0-2: SINGLE (Flyball, 4D, EV 90.0 MPH)
Batting: SHB Joey Pacheco 0-0: Bunted foul
0-1: Bunted foul
0-2: Foul Ball, location: 2F
0-2: Ball
1-2: SINGLE (Groundball, 6MD, EV 107.5 MPH)
Danny Diaz to second
Runner from 2nd tries for 3rd, SAFE, throw by CF made to third
Batting: RHB David Ward 0-0: Ball
1-0: Ball
2-0: Ball
3-0: Called Strike
3-1: Fly out, F5 (Popup, 5L, EV 66.2 MPH)
Batting: RHB Jonathan Fraire 0-0: Foul Ball, location: 2F
0-1: Ball
1-1: Ball
2-1: Foul Ball, location: 2F
2-2: Strikes out swinging
Batting: RHB Kevin Benfield 0-0: Ball
1-0: Ball
2-0: SINGLE (Groundball, 56D, EV 98.8 MPH)
Danny Diaz scores
Joey Pacheco to second
Runner from 2nd tries for 3rd, SAFE, throw by LF made to third
Batting: RHB Antonio Pacheco 0-0: Called Strike
0-1: Ball
1-1: Foul Ball, location: 2F
1-2: Strikes out looking
Top of the 8th over - 1 run, 3 hits, 0 errors, 2 left on base; Durham 3 - Scranton WB 3
BOTTOM OF THE 8TH
Scranton WB RailRiders batting - Pitching for Durham Bulls : RHP Dave Navarro
Batting: RHB Devon Utley 0-0: Ball
1-0: Ball
2-0: Ball
3-0: Base on Balls
Pitching: RHP Alec Murphy
Batting: LHB Aaron Joyner 0-0: Ball
1-0: Ball
2-0: Foul Ball, location: 2F
2-1: Called Strike
2-2: Ball
3-2: Foul Ball, location: 2F
3-2: Ground out 6-3 (Groundball, 6M, EV 110.0 MPH)
Devon Utley to second
Batting: SHB Mukhtar Wa'il 0-0: Ball
Devon Utley steals 3rd, throwing error, E2
Devon Utley scores
1-0: Foul Ball, location: 2F
1-1: Ball
2-1: TRIPLE (Flyball, 8LXD, EV 110.0 MPH)
Batting: LHB Paul Diaz 0-0: Intentional Walk
Batting: RHB Alfredo Rodriguez 0-0: Called Strike
0-1: SINGLE (Groundball, 56, EV 103.8 MPH)
Mukhtar Wa'il scores
Paul Diaz to second
Batting: LHB Jose Lebron 0-0: Called Strike
0-1: Called Strike
0-2: Ball
Wild Pitch!
Paul Diaz to third
Alfredo Rodriguez to second
1-2: Ball
2-2: Strikes out swinging
Batting: SHB Joe Fure 0-0: Ball
1-0: Ball
2-0: SINGLE (Groundball, 4MD, EV 103.1 MPH)
Paul Diaz scores
Alfredo Rodriguez to third
Batting: RHB Jordan Barragan 0-0: Ball
1-0: Foul Ball, location: 2F
1-1: Foul Ball, location: 2F
1-2: Ball
2-2: Fly out, F3 (Popup, 3SF, EV 69.4 MPH)
Bottom of the 8th over - 3 runs, 3 hits, 1 error, 2 left on base; Durham 3 - Scranton WB 6
TOP OF THE 9TH
Durham Bulls batting - Pitching for Scranton WB RailRiders : LHP Ramon Escobedo
Pitching: RHP Mark Stafford
Batting: RHB Jose Arriola 0-0: Swinging Strike
0-1: Ball
1-1: SINGLE (Groundball, 6MD, EV 98.8 MPH)
Batting: RHB Freddy Mullen 0-0: Ball
1-0: Called Strike
1-1: Called Strike
1-2: SINGLE (Groundball, P, EV 88.1 MPH) (infield hit)
Jose Arriola to second
Pinch Hitting: SHB Brett McEwen 0-0: Swinging Strike
0-1: Foul Ball, location: 2F
0-2: Ball
1-2: Foul Ball, location: 2F
1-2: Ball
2-2: Foul Ball, location: 2F
2-2: Strikes out swinging
Batting: RHB Danny Diaz 0-0: Ball
1-0: Called Strike
1-1: Foul Ball, location: 2F
1-2: 3-RUN HOME RUN (Flyball, 7D, EV 99.4 MPH), Distance : 373 ft
Batting: SHB Joey Pacheco 0-0: Called Strike
0-1: Called Strike
0-2: Strikes out swinging
Batting: RHB David Ward 0-0: Called Strike
0-1: Ground out 6-3 (Groundball, 6, EV 98.1 MPH)
Top of the 9th over - 3 runs, 3 hits, 0 errors, 0 left on base; Durham 6 - Scranton WB 6
BOTTOM OF THE 9TH
Scranton WB RailRiders batting - Pitching for Durham Bulls : RHP Alec Murphy
Pitching: LHP Parker Martinet
Now in LF: Jake Rheaume
Batting: RHB Mike Plugge 0-0: Ball
1-0: Called Strike
1-1: Called Strike
1-2: Ball
2-2: Foul Ball, location: 2F
2-2: Ball
3-2: Foul Ball, location: 2F
3-2: Base on Balls
Batting: RHB Devon Utley 0-0: Ball
1-0: Called Strike
1-1: Called Strike
1-2: Ball
2-2: Ball
3-2: Fly out, F7 (Flyball, 7, EV 90.0 MPH)
Pinch Hitting: RHB Jerry Castro 0-0: Swinging Strike
0-1: Ball
1-1: Ball
2-1: Foul Ball, location: 2F
2-2: Strikes out swinging
Batting: SHB Mukhtar Wa'il 0-0: Called Strike
0-1: Foul Ball, location: 2F
0-2: Strikes out looking
Bottom of the 9th over - 0 runs, 0 hits, 0 errors, 1 left on base; Durham 6 - Scranton WB 6
TOP OF THE 10TH
Durham Bulls batting - Pitching for Scranton WB RailRiders : RHP Mark Stafford
Pitching: RHP Ricky Mercer
Now in LF: Jose Lebron
Now in CF: Joe Fure
Now in RF: Andy Wasierski
Batting: RHB Jonathan Fraire 0-0: Called Strike
0-1: Called Strike
0-2: Ball
1-2: Ball
2-2: SINGLE (Groundball, 56D, EV 110.0 MPH)
Batting: RHB Kevin Benfield 0-0: Called Strike
Jonathan Fraire steals 2nd base
0-1: Swinging Strike
0-2: Ball
1-2: Strikes out looking
Pinch Hitting: LHB Davion Lewis 0-0: Intentional Walk
Batting: RHB Jose Arriola 0-0: SINGLE (Groundball, 56D, EV 100.0 MPH)
Jonathan Fraire to third
Davion Lewis to second
Runner from 3rd tries for Home, SAFE, throw by LF to home
Batting: RHB Freddy Mullen 0-0: Grounds into double play, 6-4-3 (Groundball, 6, EV 82.5 MPH)
Top of the 10th over - 1 run, 2 hits, 0 errors, 1 left on base; Durham 7 - Scranton WB 6
BOTTOM OF THE 10TH
Scranton WB RailRiders batting - Pitching for Durham Bulls : LHP Parker Martinet
Now in RF: Davion Lewis
Pinch Hitting: RHB Eric Davis 0-0: Ball
1-0: DOUBLE (Flyball, 8RXD, EV 99.4 MPH)
Batting: RHB Alfredo Rodriguez 0-0: Called Strike
0-1: Swinging Strike
0-2: Ball
1-2: Ball
Wild Pitch!
Eric Davis to third
2-2: Ball
3-2: Foul Ball, location: 2F
3-2: Foul Ball, location: 2F
3-2: Base on Balls
Pinch Hitting: RHB John Sabean 0-0: Ground out 4-3 (Groundball, 4, EV 85.6 MPH)
Alfredo Rodriguez to second
Batting: SHB Joe Fure 0-0: Fly out, F8 (Flyball, 8RM, EV 89.4 MPH)
Batting: RHB Jordan Barragan 0-0: Called Strike
0-1: Ball
1-1: Ball
2-1: Foul Ball, location: 2F
2-2: Foul Ball, location: 2F
2-2: Strikes out swinging
Bottom of the 10th over - 0 runs, 1 hit, 0 errors, 2 left on base; Durham 7 - Scranton WB 6
Tuesday, March 28th , 2023 - OOTP Baseball 23.10 Build 110